 Dungeon Crawl Stone Soup version 0.21.1-1-g345015f (webtiles) character file.

545 tognito the Cleaver (level 7, 0/56 (57) HPs)
             Began as a Minotaur Berserker on Feb 22, 2018.
             Was a Priest of Trog.
             Slain by a wyvern zombie (7 damage)
             ... on level 4 of the Dungeon.
             The game lasted 00:05:51 (2274 turns).

tognito the Cleaver (Minotaur Berserker)            Turns: 2274, Time: 00:05:52

HP:   0/56 (57)     AC:  7    Str: 23    XL:     7   Next: 6%
MP:   6/6           EV: 10    Int:  4    God:    Trog [***...]
Gold: 154           SH:  0    Dex: 10    Spells: 6/6 levels left

rFire    . . .     SeeInvis .   a - +0 hand axe
rCold    . . .     Gourm    .   (no shield)
rNeg     . . .     Faith    .   q - +1 scale mail
rPois    .         Spirit   .   (helmet restricted)
rElec    .         Reflect  .   (no cloak)
rCorr    .         Harm     .   (no gloves)
MR       .....                  (no boots)
Stlth    ..........             (no amulet)
HPRegen  0.18/turn              (no ring)
MPRegen  0.10/turn              (no ring)

@: heavily drained
A: retaliatory headbutt, hooves 1, horns 2, blink, screaming 1, evolution 1
a: Blink, Berserk, Trog's Hand, Burn Spellbooks, Renounce Religion


You were on level 4 of the Dungeon.
You worshipped Trog.
Trog was most pleased with you.
You were not hungry.

You visited 1 branch of the dungeon, and saw 4 of its levels.

You collected 154 gold pieces.

Inventory:

Hand Weapons
 a - a +0 hand axe (weapon)
Missiles
 h - 6 arrows
 k - 22 bolts
Armour
 j - a +0 ring mail
 q - a +1 scale mail (worn)
Wands
 n - a wand of acid (8)
Scrolls
 f - 2 scrolls of remove curse
 g - a scroll of teleportation
Comestibles
 b - 11 chunks of flesh
 c - 4 rations


   Skills:
 - Level 3.6(1.9) Fighting
 + Level 9.7(7.7) Axes
 - Level 2.4(0.8) Armour
 - Level 2.1(0.5) Dodging


You had 6 spell levels left.
You didn't know any spells.

Dungeon Overview and Level Annotations

Branches:
Dungeon (4/15)
 Temple: D:4-7

Altars:
Cheibriados
Kikubaaqudgha
Okawaru
Xom
Zin
The Shining One


Innate Abilities, Weirdness & Mutations

You reflexively headbutt those who attack you in melee.
You have a pair of horns on your head.
You have large cloven feet.
You can translocate small distances at will.
You occasionally shout uncontrollably at your foes.
You evolve.


Message History

Trog appreciates your killing of a magic user.
Put on which piece of jewellery? (? for menu, Esc to quit)
Okay, then.
Drop what? 11/52 slots (_ for help) (? for menu, Esc to quit)
Really remove
l - an amulet of harm?
You remove your amulet of harm.
The amulet drains your life force as you remove it!
You feel drained.
You drop an uncursed amulet of harm.
A wyvern zombie comes into view.
Things that are here:
a ring mail; an iguana skeleton You slash the wyvern zombie!
You kick the wyvern zombie.
The wyvern zombie is moderately damaged.
The wyvern zombie bites you.
* * * LOW HITPOINT WARNING * * *
You slash the wyvern zombie! Your headbutt misses the wyvern zombie.
The wyvern zombie is heavily damaged.
The wyvern zombie bites you!
You die...

#..............#.....# .#
#..#####.........#$#####.##
##.#.......#%.......$
.................###.
##...............#
.#..........#...###.#
###.#####)..........#
#...#."......####.#
.#..Z@...#?..%..##.#
#.....#..)#.........#
##.....#.##.#.#.....#
#..........#.........#
#.#.#......#...#.......
.....#................#
#.#.#.#..#.$.#####.....
#......###..... ....# #.##.
..#..... #..


You could see a wyvern zombie.

Vanquished Creatures
  The ghost of kolakolka the Digger, an amateur GrEE (D:3)
  A necrophage (D:3)
  A howler monkey (D:3)
  An orc wizard (D:4)
  Natasha (D:4)
  2 iguanas (D:4)
  A worker ant (D:4)
  4 adders
  4 worms
  3 dart slugs
  6 leopard geckos
  4 orcs
  A giant cockroach (D:1)
  11 goblins
  11 hobgoblins
  4 quokkas
  6 bats
  2 frilled lizards
  9 kobolds
  12 rats
85 creatures vanquished.

Notes
Turn   | Place    | Note
-------+----------+-------------------------------------------
     0 | D:1      | tognito the Minotaur Berserker began the quest for the Orb.
     0 | D:1      | Reached XP level 1. HP: 19/19 MP: 0/0
    49 | D:1      | Reached skill level 4 in Axes
   170 | D:1      | Reached XP level 2. HP: 26/26 MP: 1/1
   472 | D:1      | Reached skill level 5 in Axes
   638 | D:1      | Reached XP level 3. HP: 27/31 MP: 2/2
   674 | D:2      | Gained mutation: You occasionally shout uncontrollably at your foes. [potion of mutation]
   674 | D:2      | Gained mutation: You can translocate small distances at will. [potion of mutation]
   674 | D:2      | Gained mutation: You evolve. [potion of mutation]
   679 | D:2      | Gained mutation: You have large cloven feet. [evolution]
   719 | D:2      | Reached ** piety under Trog
  1587 | D:3      | Noticed kolakolka's ghost (amateur GrEE)
  1591 | D:3      | Reached skill level 6 in Axes
  1591 | D:3      | Reached XP level 4. HP: 38/39 MP: 3/3
  1600 | D:3      | Killed kolakolka's ghost
  1600 | D:3      | Reached skill level 8 in Axes
  1600 | D:3      | Reached XP level 5. HP: 21/45 MP: 4/4
  1600 | D:3      | Reached XP level 6. HP: 24/51 MP: 5/5
  1683 | D:3      | Reached *** piety under Trog
  1688 | D:3      | Found an ancient bone altar of Kikubaaqudgha.
  1882 | D:3      | Reached skill level 9 in Axes
  1929 | D:3      | Found an iron altar of Okawaru.
  1930 | D:3      | Found a shimmering altar of Xom.
  1930 | D:3      | Found a glowing golden altar of the Shining One.
  1930 | D:3      | Found a snail-covered altar of Cheibriados.
  1931 | D:3      | Found a glowing silver altar of Zin.
  2232 | D:4      | Noticed Natasha
  2238 | D:4      | Killed Natasha
  2253 | D:4      | Reached XP level 7. HP: 24/56 MP: 6/6
  2274 | D:4      | Slain by a wyvern zombie

Skill      XL: |  1  2  3  4  5  6 |
---------------+-------------------+-----
Axes           | 4 5 6 8 9 |  9.7
Fighting       | |  3.6
Armour         | |  2.4
Dodging        | |  2.1

Action                   |  1- 3 |  4- 6 |  7- 9 || total
-------------------------+-------+-------+-------++-------
Melee: Hand axe          |    91 |    85 |     8 ||   184
       Headbutt          |     9 |    15 |     1 ||    25
       Kick              |    13 |    14 |     2 ||    29
  Use: Potion            |     3 |     1 |       ||     4
       Scroll            |       |     6 |       ||     6
 Stab: Sleeping          |     1 |       |       ||     1
  Eat: Chunk             |     2 |     2 |       ||     4
Armor: Animal skin       |     6 |       |       ||     6
       Ring mail         |    10 |    22 |       ||    32
       Scale mail        |       |     2 |     2 ||     4
Dodge: Dodged            |    52 |    49 |       ||   101
